 Dungeon Crawl Stone Soup version 0.22.0-6-g71bd7aa6b3 (webtiles) character file.

413 Rerark the Cutter (level 6, -1/51 HPs)
             Began as a Draconian Wanderer on Aug 15, 2018.
             Slain by Duvessa
             ... wielding a +0 rapier
              (5 damage)
             ... on level 3 of the Dungeon.
             The game lasted 00:14:23 (3005 turns).

Rerark the Cutter (Draconian Wanderer)              Turns: 3005, Time: 00:14:23

Health: -1/51      AC:  6    Str: 15    XL:     6   Next: 59%
Magic:  7/7        EV: 15    Int: 13    God:
Gold:   109        SH:  0    Dex: 11    Spells: 6/7 levels left

rFire    . . .     SeeInvis .   a - +2 short sword
rCold    . . .     Gourm    .   (no shield)
rNeg     . . .     Faith    .   (armour unavailable)
rPois    .         Spirit   .   (helmet restricted)
rElec    .         Reflect  .   (no cloak)
rCorr    .         Harm     .   (no gloves)
MR       .....                  (no boots)
Stlth    ++........             (no amulet)
HPRegen  0.17/turn              b - +3 ring of evasion
MPRegen  0.10/turn              (no ring)

@: slowed, very slow
A: unfitting armour, cold-blooded, AC +6
a: no special abilities


You were on level 3 of the Dungeon.
You were full.

You visited 1 branch of the dungeon, and saw 4 of its levels.

You collected 109 gold pieces.

Inventory:

Hand Weapons
 a - a +2 short sword (weapon)
Jewellery
 b - a +3 ring of evasion (left hand)
Scrolls
 d - 2 scrolls of teleportation {unknown}
 e - 3 scrolls of immolation {unknown}
 g - 2 scrolls of identify {unknown}
 h - 3 scrolls of enchant weapon {unknown}
 i - a scroll of remove curse {unknown}
 n - a scroll of noise {unknown}
Comestibles
 f - 8 rations


   Skills:
 + Level 3.4 Fighting
 + Level 4.6 Short Blades
 + Level 2.2 Dodging
 + Level 4.4 Stealth
 + Level 1.0 Spellcasting
   Level 1.0 Charms
   Level 1.0 Earth Magic


You had 6 spell levels left.
You knew the following spells:

 Your Spells              Type           Power        Failure   Level  Hunger
a - Flame Tongue          Conj/Fire      #....        28%         1    ##.....

Your spell library contained the following spells:

 Spells                   Type           Power        Failure   Level  Hunger
 Magic Dart               Conj           #...         28%         1    ##.....
 Conjure Flame            Conj/Fire      #.......     63%         3    ####...
 Iskenderun's Mystic Bla  Conj           #.......     95%         4    #####..
 Fulminant Prism          Conj/Hex       #.........   95%         4    #####..
 Dazzling Spray           Conj/Hex       #.....       63%         3    ####...
 Force Lance              Conj/Tloc      #.......     95%         4    #####..
 Searing Ray              Conj           #.....       38%         2    ###....


Dungeon Overview and Level Annotations

Branches:
Dungeon (4/15)
 Temple: D:4-7

Altars:

Annotations:
D:3 Dowan, Duvessa, Natasha


Innate Abilities, Weirdness & Mutations

Your plain brown scales are hard. (AC +6)
You cannot fit into any form of body armour.
You are cold-blooded and may be slowed by cold attacks.


Message History

Natasha barely misses you. Natasha barely misses you.
Natasha closely misses you.
Natasha extends her claws.
Natasha casts a spell at you. You resist with some effort.
Natasha casts a spell.
Duvessa closely misses you. Duvessa hits you with a rapier!
* * * LOW HITPOINT WARNING * * *
Natasha mumbles some strange words.
Duvessa hits you with a rapier.
* * * LOW HITPOINT WARNING * * *
Natasha casts a spell at you. You resist with some effort.
The crimson imp blinks!
The crimson imp closely misses you.
The crimson imp blinks!
Natasha casts a spell at you.
You feel as though you will be slow longer.
Duvessa hits you with a rapier.
You die...

## .######
##....####
≈####....#########
#≈# ####.##......##
#.# ##.#........##
#≈# #............#
#≈# ##.#..........#
#≈# #..#......e@..#
#†# #.##..........#
#≈# #(##....5h§...#
≈## ##.###.....5..##
#####(.##..........#
#......((.e........#
#.##..(##..........#
#.#..####....>.....#
....## #..........#


You could see Duvessa, Dowan (wandering), Natasha and 2 crimson imps.

Vanquished Creatures
  A black bear (D:3)
  A centaur (D:3)
  A scorpion (D:3)
  Natasha (twice) (D:3)
  4 adders
  3 oozes
  2 worms
  2 dart slugs
  4 leopard geckos
  4 orcs (D:3)
  4 bats
  3 giant cockroaches (D:3)
  11 goblins
  9 hobgoblins
  8 jackals
  6 kobolds
  4 frilled lizards
  5 rats
74 creatures vanquished.

Notes
Turn   | Place    | Note
-------+----------+-------------------------------------------
     0 | D:1      | Rerark the Draconian Wanderer began the quest for the Orb.
     0 | D:1      | Rerark set off with: a +2 short sword, a potion of curing, a +0 dagger, a ration
     0 | D:1      | Reached XP level 1. HP: 17/17 MP: 2/2
   115 | D:1      | Reached XP level 2. HP: 22/24 MP: 3/3
   377 | D:1      | Reached XP level 3. HP: 30/30 MP: 4/4
   918 | D:2      | Reached XP level 4. HP: 36/37 MP: 5/5
  1216 | D:3      | Noticed Natasha
  1229 | D:3      | Killed Natasha
  1656 | D:3      | Noticed a centaur
  1691 | D:3      | Killed a centaur
  1691 | D:3      | Reached XP level 5. HP: 4/45 MP: 6/6
  1855 | D:3      | Noticed a black bear
  1922 | D:3      | Killed a black bear
  1922 | D:3      | Reached XP level 6. HP: 23/51 MP: 7/7
  2412 | D:3      | Noticed Natasha
  2430 | D:3      | Killed Natasha
  2594 | D:4      | Noticed Dowan
  2626 | D:4      | Noticed Duvessa
  2893 | D:3      | Learned a level 1 spell: Flame Tongue
  2980 | D:3      | Noticed Natasha
  3005 | D:3      | Slain by Duvessa

Skill      XL: |  1  2  3  4  5 |
---------------+----------------+-----
Stealth        | 3 4 |  4.4
Short Blades   | 2 3 4 |  4.6
Fighting       | 3 |  3.4
Dodging        | 2 |  2.2
Spellcasting   | |  1.0
Charms         | |  1.0
Earth Magic    | |  1.0

Action                   |  1- 3 |  4- 6 || total
-------------------------+-------+-------++-------
Melee: Short sword       |    99 |   169 ||   268
       Tailslap          |    10 |    18 ||    28
 Cast: Flame Tongue      |       |     2 ||     2
  Use: Potion            |       |     7 ||     7
 Stab: Sleeping          |     5 |     7 ||    12
  Eat: Chunk             |       |     2 ||     2
       Ration            |       |     3 ||     3
Armor: Skin              |    14 |    40 ||    54
Dodge: Dodged            |    60 |   168 ||   228
